 Dungeon Crawl Stone Soup version 0.27.1-34-g3ba077fa99 (webtiles) character file.

Game seed: 15618362003006831741

133 alasdair19 the Shield-Bearer (level 4, -2/41 HPs)
             Began as a Minotaur Fighter on Jan 25, 2022.
             Succumbed to a scorpion's poison
             ... on level 2 of the Dungeon.
             The game lasted 00:02:08 (1352 turns).

alasdair19 the Shield-Bearer (Minotaur Fighter)     Turns: 1352, Time: 00:02:09

Health: -2/41      AC:  7    Str: 20    XL:     4   Next: 94%
Magic:  3/3        EV:  7    Int:  6    God:
Gold:   87         SH:  9    Dex: 10    Spells: 3/3 levels left

rFire    . . .     SeeInvis .   e - +0 long sword
rCold    . . .     Faith    .   c - +0 kite shield
rNeg     . . .     Spirit   .   b - +0 scale mail
rPois    .         Reflect  .   (helmet restricted)
rElec    .         Harm     .   (no cloak)
rCorr    .         Rampage  .   (no gloves)
Will     .....                  (no boots)
Stlth    ..........             (no amulet)
HPRegen  0.13/turn              (no ring)
MPRegen  0.08/turn              (no ring)

@: lethally poisoned (-2 -> -17)
A: horns 2, retaliatory headbutt
a: no special abilities


You were on level 2 of the Dungeon.
You visited 1 branch of the dungeon, and saw 2 of its levels.

You collected 87 gold pieces.

Inventory:

Hand Weapons
 e - a +0 long sword (weapon)
 q - a +0 hunting sling
Missiles
 h - 14 sling bullets
Armour
 b - a +0 scale mail (worn)
 c - a +0 kite shield (worn)
Jewellery
 i - a ring of fire
Scrolls
 f - a scroll of enchant weapon {unknown}
 g - a scroll of identify {unknown}
 k - 2 scrolls of silence {unknown}
 l - a scroll of vulnerability {unknown}
 m - a scroll of enchant armour {unknown}
Potions
 d - a potion of might


   Skills:
 + Level 4.3 Fighting
 + Level 3.9 Long Blades
 * Level 1.0 Slings
 + Level 4.5 Armour
 - Level 0.3 Dodging
 - Level 0.1 Stealth
 + Level 4.5 Shields


You had 3 spell levels left.
You didn't know any spells.
Your spell library was empty.

Dungeon Overview and Level Annotations

Branches:
Dungeon (2/15)

Altars:


Innate Abilities, Weirdness & Mutations

You have a pair of horns on your head.
You reflexively headbutt those who attack you in melee.


Message History

You feel very sick.
The scorpion stings you but does no damage.
The scorpion stings you.
You are more poisoned.
The scorpion poisons you!
It was a potion of ambrosia.
You are confused.
You feel invigorated.
You feel very sick. The scorpion barely misses you.
It was a potion of curing.
You feel better.
You feel less invigorated. The scorpion barely misses you.
You riposte.
You hit the scorpion.
The scorpion is moderately wounded.
You hit the scorpion but do no damage.
The scorpion is moderately wounded.
The scorpion stings you.
You are poisoned.
The scorpion poisons you! The scorpion stings you.
You are more poisoned.
The scorpion poisons you!
You closely miss the scorpion.
The scorpion is moderately wounded.
You feel extremely sick. The scorpion stings you.
You are lethally poisoned!
The scorpion poisons you!
The scorpion stings you but does no damage.
You closely miss the scorpion. You headbutt the scorpion!
The scorpion is almost dead.
You feel extremely sick. The scorpion stings you.
* * * LOW HITPOINT WARNING * * *
You hit the scorpion but do no damage. You headbutt the scorpion.
You kill the scorpion!
* * * LOW HITPOINT WARNING * * *
You feel very sick. You block the kobold's attack.
Your Slings skill increases to level 1!
You barely miss the kobold.
You die...

...#
##..###
#.....#
#.....#
#.....#
###.....#
#.......#
#.#...#.#
#.#####K#
#.# #@#
#.# #.#
#.# #.#
#.# #.#
#.# #.#
#.# #.#
#.#####.##
#......).#
##
#######>.#


You could see a kobold.

Vanquished Creatures
  A scorpion (D:2)
  A jelly (D:2)
  An adder (D:2)
  5 bats
  5 endoplasms
  5 goblins
  2 hobgoblins
  4 jackals (D:1)
  3 kobolds
  2 ball pythons (D:1)
  4 rats
33 creatures vanquished.

Notes
Turn   | Place    | Note
-------+----------+-------------------------------------------
     0 | D:1      | alasdair19 the Minotaur Fighter began the quest for the
                  | Orb.
     0 | D:1      | Reached XP level 1. HP: 19/19 MP: 0/0
    27 | D:1      | Found a faded altar of an unknown god.
   324 | D:1      | Reached XP level 2. HP: 26/27 MP: 1/1
   955 | D:2      | Reached XP level 3. HP: 22/33 MP: 2/2
  1116 | D:2      | Reached XP level 4. HP: 28/40 MP: 3/3
  1320 | D:2      | Noticed a scorpion
  1351 | D:2      | Killed a scorpion
  1352 | D:2      | Reached skill level 1 in Slings
  1352 | D:2      | Succumbed to a scorpion's poison

Illustrated notes

Levels and vault maps discovered:
D:1:      saegor_arrival_under_anarchy, layout_basic,
          ebering_ecumenical_altar_mist
D:2:      minmay_spotlight, layout_loops_ring, st_stairs_7, kennysheep_potato

Skill      XL: |  1  2  3  4 |
---------------+-------------+-----
Armour         | 4 |  4.5
Shields        | 4 |  4.5
Fighting       | 4 |  4.3
Long Blades    | 3 |  3.9
Slings         | 1 |  1.0
Dodging        | |  0.3
Stealth        | |  0.1

Action                   |  1- 3 |  4- 6 || total
-------------------------+-------+-------++-------
Melee: Long sword        |    50 |    14 ||    64
       Headbutt          |     8 |     3 ||    11
 Fire: Hunting sling     |       |     4 ||     4
  Use: Potion            |       |     2 ||     2
Armor: Scale mail        |    29 |    11 ||    40
Dodge: Dodged            |    16 |     9 ||    25
Block: Kite shield       |    24 |    14 ||    38
       Rpst.: Long sword |     6 |     1 ||     7
